 Dungeon Crawl Stone Soup version 0.30-a0-782-ge64f9170bb (webtiles) character file.

Game seed: 14978314076094678220

70370 Angani the Black Belt (level 14, -9/151 HPs)
             Began as a Black Draconian Necromancer on Feb 24, 2023.
             Was the Champion of Hepliaklqana.
             Mangled by a spriggan
             ... wielding a +0 short sword
              (14 damage)
             ... on level 1 of the Lair of Beasts.
             The game lasted 00:47:54 (17316 turns).

Angani the Black Belt (DrNe)                       Turns: 17316, Time: 00:47:55

Health: -9/151     AC: 10    Str: 10    XL:     14   Next: 93%
Magic:  0/26       EV: 25    Int: 20    God:    Hepliaklqana [******]
Gold:   1236       SH:  0    Dex: 13    Spells: 3/29 levels left

rFire   . . .      SeeInvis .      - Unarmed
rCold   . . .      Faith    .    (no shield)
rNeg    . . .      Spirit   .    (body armour unavailable)
rPois   .          Reflect  .    (helmet restricted)
rElec   +          Harm     .    D - +0 cloak
rCorr   .          Rampage  .    (no gloves)
Will    +....                    l - +0 pair of boots Stlth
                                 y - amulet of regeneration
HPRegen 1.25/turn                b - +5 ring of evasion
MPRegen 0.20/turn                E - +5 ring of evasion

@: berserking (expiring), lethally poisoned (-9 -> -14), flying, very quick
A: reduced essence, breathe lightning, AC +8, unfitting armour, big wings,
electricity resistance, cold-blooded
a: Breathe Lightning, Renounce Religion, Recall Ancestor, Ancestor Identity,
Transference, Idealise


You were on level 1 of the Lair of Beasts.
You worshipped Hepliaklqana.
Hepliaklqana was exalted by your worship.
You visited 2 branches of the dungeon, and saw 18 of its levels.
You also visited: Ossuary and Gauntlet.

You collected 1423 gold pieces.
You spent 187 gold pieces at shops.

Inventory:

Missiles
 o - 4 throwing nets
Armour
 l - a +0 pair of boots (worn)
 D - a +0 cloak (worn)
Jewellery
 b - a +5 ring of evasion (left hand)
 q - a ring of protection from cold
 y - an amulet of regeneration (around neck)
 E - a +5 ring of evasion (right hand)
 F - a ring of positive energy
 T - a ring of protection from cold
Wands
 e - a wand of roots (20)
 I - a wand of paralysis (13)
 J - a wand of acid (10)
 K - a wand of digging (6)
 M - a wand of flame (43)
 R - a wand of polymorph (9)
 V - a wand of mindburst (28)
Scrolls
 c - 4 scrolls of vulnerability
 d - 7 scrolls of fear
 f - 5 scrolls of teleportation
 h - 4 scrolls of fog
 j - 4 scrolls of immolation
 k - 3 scrolls of blinking
 r - 5 scrolls of poison
 t - 2 scrolls of summoning
 H - 2 scrolls of amnesia
 L - a scroll of torment
 O - 3 scrolls of enchant armour
 U - 2 scrolls of brand weapon
Potions
 a - 2 potions of magic
 g - 5 potions of haste
 i - 9 potions of lignification
 m - 9 potions of heal wounds
 n - 5 potions of brilliance
 p - 2 potions of resistance
 s - 4 potions of mutation
 u - 8 potions of curing
 v - 8 potions of attraction
 w - a potion of ambrosia
 x - 3 potions of invisibility
 A - 5 potions of berserk rage
 B - 3 potions of flight
 C - a potion of might
 Q - a potion of cancellation
Miscellaneous
 N - a phial of floods
 P - a lightning rod (4/4)


   Skills:
 - Level 7.0 Fighting
 - Level 8.0 Polearms
 - Level 7.0 Dodging
 - Level 5.0 Stealth
 + Level 16.6 Unarmed Combat
 - Level 8.0 Spellcasting
 - Level 10.0 Summonings
 - Level 8.0 Necromancy
 - Level 12.0 Air Magic
 - Level 5.0 Invocations
 - Level 5.0 Evocations


You had 3 spell levels left.
You knew the following spells:

 Your Spells              Type           Power      Damage    Failure   Level
a - Necrotise             Necr           100%       1d9       1%          1
b - Freeze                Ice            32%        1d5       9%          1
c - Animate Dead          Necr           40%        N/A       3%          4
d - Dispel Undead         Necr           40%        3d16      3%          4
e - Vampiric Draining     Necr           40%        2d8       1%          3
f - Airstrike             Air            27%        2d(4-20)  1%          4
g - Summon Lightning Spi  Summ/Air       51%        N/A       1%          4
h - Borgnjor's Vile Clut  Necr/Erth      12%        N/A       41%         5

Your spell library contained the following spells:

 Spells                   Type           Power      Damage    Failure   Level
 Call Imp                 Summ           48%        N/A       1%          2
 Cigotuvi's Dreadful Rot  Necr/Pois/Air  68%        N/A       1%          2
 Call Canine Familiar     Summ           48%        N/A       1%          3
 Mephitic Cloud           Conj/Pois/Air  24%        N/A       4%          3
 Magic Dart               Conj           32%        1d4       9%          1
 Dazzling Flash           Conj/Hex       16%        N/A       26%         3
 Frozen Ramparts          Ice            16%        1d3       26%         3
 Hailstorm                Conj/Ice       8%         3d4       26%         3
 Portal Projectile        Hex/Tloc       16%        N/A       26%         3
 Agony                    Necr           40%        N/A       9%          5
 Summon Ice Beast         Ice/Summ       28%        N/A       11%         4
 Lightning Bolt           Conj/Air       16%        1d30      21%         5
 Silence                  Hex/Air        16%        N/A       21%         5
 Summon Cactus Giant      Summ           24%        N/A       22%         6
 Summon Forest            Summ/Tloc      14%        N/A       30%         5
 Summon Mana Viper        Hex/Summ       28%        N/A       30%         5
 Death Channel            Necr           20%        N/A       43%         6
 Iskenderun's Mystic Bla  Conj/Tloc      8%         2d4       63%         4
 Leda's Liquefaction      Hex/Erth       4%         N/A       63%         4
 Petrify                  Tmut/Erth      8%         N/A       63%         4
 Monstrous Menagerie      Summ           24%        N/A       75%         7
 Blade Hands              Tmut           4%         N/A       93%         5
 Irradiate                Conj/Tmut      4%         3d13      93%         5
 Metabolic Englaciation   Hex/Ice        4%         N/A       93%         5
 Iron Shot                Conj/Erth      4%         9d2       100%        6
 Starburst                Conj/Fire      4%         6d3       100%        6
 Statue Form              Tmut/Erth      5%         N/A       100%        6
 Dragon Form              Tmut           4%         N/A       100%        7
 Animate Armour           Summ/Erth      Unusable   N/A       N/A         4

Dungeon Overview and Level Annotations

Branches:
Dungeon (13/15)            Temple (0/1) D:4            Lair (5/5) D:11
  Swamp (0/4) Lair:3        Snake (0/4) Lair:3        Slime (0/5) Lair:4
    Orc (0/2) D:9          Vaults (0/5) D:13        Ossuary (visited)
Gauntlet (visited)

Altars:
Ashenzari
Hepliaklqana
Kikubaaqudgha
Makhleb
Sif Muna
Trog
Vehumet
Wu Jian
The Shining One
Jiyva

Shops:
D:6 *   D:12 *

Annotations:
Lair:1 1 transporter, Pag Assur's ghost, journeyman VSBr


Innate Abilities, Weirdness & Mutations

Your life essence is reduced to manifest your ancestor. (-10% HP)
You can breathe wild blasts of lightning.
Your glossy black scales are hard. (AC +8)
You cannot fit into any form of body armour.
Your large and strong wings let you fly.
You are resistant to electric shocks. (rElec)
You are cold-blooded and may be slowed by cold attacks.


Message History

You feel sick. The spriggan barely misses you.
The spriggan rider hits you from afar with a +2 antimagic spear!!
You feel your power leaking away.
Unknown command.
You pummel the moth of wrath!!
You kill the moth of wrath!
You feel sick.
The spriggan rider completely misses you.
The spriggan hits you with a +0 short sword!!
Pag Assur's ghost hits you but does no damage.
You are more poisoned.
Unknown command.
The spriggan blocks your attack. x2; You feel sick.
Unknown command.
The spriggan blocks your attack.
You punch the spriggan!
The spriggan is moderately wounded.
You feel sick. The spriggan barely misses you.
The spriggan rider hits you from afar with a +2 antimagic spear!!!
* * * LOW HITPOINT WARNING * * *
You feel your power leaking away. Pag Assur's ghost hits you.
* * * LOW HITPOINT WARNING * * *
You are lethally poisoned!
Unknown command.
* * * LOW HITPOINT WARNING * * *
You feel very sick. The spriggan closely misses you.
The spriggan rider is engulfed in poison gas.
The spriggan rider is poisoned.
The spriggan rider completely misses you.
Unknown command.
You are too berserk!
You are too berserk!
Unknown command.
You punch the spriggan!
The spriggan is severely wounded.
* * * LOW HITPOINT WARNING * * *
You feel sick.
The spriggan hits you with a +0 short sword!
You die...

#........#..........####...P
#........#...._.......##....
#..P.....#.............#...#
#..#.....+.......#.)........
#........#......##.....#...#
#..#.......................+
#..#......©.....#.....##...P
#......(#####....#######...#
#.....###i©@###...#.####...#
#....##§.§iW####............
#....#☼§§§.##..#............
#...##§☼§§§≈#..##...........
#...#§§§§§§.#...#..#.PP.....
#...#§§##§_....i#.......#...
##...#§☼#§§○.##..#.......#...
#....##.###i#≈####...........
##....####...## #........P...


You could see a spriggan rider (berserk, poisoned), 2 spriggans and Pag Assur's
ghost.

Vanquished Creatures
  2 hydras
  An ice dragon (D:13)
  A centaur warrior (D:13)
  A catoblepas (Lair:5)
  2 two-headed ogres
  2 skeletal warriors (D:13)
  2 skysharks
  A goliath frog (Lair:5)
  A wizard (Gauntlet)
  A cyclops (D:13)
  2 moths of wrath (Lair:1)
  A moth of wrath (shapeshifter) (D:13)
  12 elephants
  2 black mambas
  10 cane toads
  8 rime drakes
  4 komodo dragons
  3 trolls
  A polar bear (Lair:5)
  A tyrant leech (Lair:3)
  2 hornets (D:10)
  17 blink frogs
  3 flying skulls (Gauntlet)
  3 slime creatures (D:13)
  28 yaks
  A naga (Lair:3)
  2 vampire mosquitoes
  A swamp worm (Lair:3)
  2 acid dragons
  6 water moccasins
  A floating eye (D:10)
  3 orc warriors
  An ice beast (D:5)
  4 centaurs
  An ogre (D:5)
  4 wolves (Gauntlet)
  11 bullfrogs
  5 scorpions
  A gnoll sergeant (D:6)
  9 wights
  A yak zombie (Lair:1)
  A troll zombie (D:12)
  9 killer bees
  4 howler monkeys
  A centaur zombie (Ossuary)
  A human zombie (D:5)
  A hound (D:6)
  An orc priest (D:9)
  2 jellies (D:8)
  Terence (D:2)
  An iguana (D:6)
  4 orc wizards
  A mummy (Ossuary)
  Robin (D:2)
  A gnoll (D:9)
  3 adders
  A white imp (Gauntlet)
  An ufetubus (D:4)
  A dart slug (D:2)
  2 worms
  20 orcs
  4 endoplasms
  13 goblins
  7 hobgoblins
  3 jackals
  6 kobolds
  2 quokkas (D:4)
  2 bats
  A frilled lizard (D:1)
  A gnoll zombie (Ossuary)
  2 goblin zombies (Ossuary)
  2 hobgoblin zombies (Ossuary)
  2 kobold zombies (Ossuary)
  2 orc zombies (Ossuary)
  5 rats
273 creatures vanquished.

Vanquished Creatures (collateral kills)
  Nessos (Lair:4)
  A minotaur (Gauntlet)
  An ogre mage (D:10)
  2 hydras
  A two-headed ogre (D:8)
  A skeletal warrior (D:13)
  A goliath frog (Lair:5)
  2 ugly things (D:13)
  2 cyclopes
  17 elephants
  A manticore (D:11)
  A moth of wrath (Gauntlet)
  14 cane toads
  A torpor snail (D:13)
  5 rime drakes
  7 komodo dragons
  3 trolls
  3 tyrant leeches (Lair:5)
  2 hornets
  12 blink frogs
  A culicivora (shapeshifter) (D:13)
  2 flying skulls (Gauntlet)
  40 yaks
  A wyvern (Lair:4)
  2 basilisks
  7 vampire mosquitoes
  2 steam dragons (D:8)
  3 nagas (Lair:3)
  2 swamp worms (Lair:3)
  A swamp worm (shapeshifter) (D:13)
  An acid dragon (D:11)
  3 water moccasins
  A floating eye (D:10)
  A sky beast (D:8)
  A black bear (Lair:4)
  2 ice beasts
  2 orc warriors
  A wolf (Gauntlet)
  5 centaurs
  2 ogres
  A phantom (D:6)
  7 bullfrogs
  2 gnoll sergeants
  A kobold brigand (D:6)
  A necrophage (D:5)
  3 scorpions (Ossuary)
  3 wights
  2 yak zombies (Lair:3)
  3 killer bees (D:11)
  5 orc priests
  3 hounds
  A human zombie (Ossuary)
  2 jellies (D:8)
  Crazy Yiuf (D:6)
  An iguana (D:6)
  4 orc wizards
  2 scorpion zombies (Ossuary)
  2 mummies (Ossuary)
  4 adders
  13 gnolls
  3 shadow imps (Gauntlet)
  2 white imps
  A worm (D:4)
  19 orcs
  An endoplasm (D:3)
  2 giant cockroaches (D:2)
  2 gnoll zombies (Ossuary)
  3 hobgoblins (D:2)
  2 jackals (D:4)
  2 kobolds
  A quokka (D:2)
  A ball python (D:4)
  3 goblins
  A hobgoblin zombie (Ossuary)
  A kobold zombie (Ossuary)
  An orc zombie (Ossuary)
  2 rats
  A butterfly (Lair:4)
267 creatures vanquished.

Vanquished Creatures (others)
  A wizard (Gauntlet)
  5 cane toad zombies (Lair:5)
  2 elephant zombies (Lair:2)
  8 blink frog zombies
  3 vampire mosquito zombies (Lair:5)
  A rime drake zombie (Lair:5)
  A komodo dragon zombie (Lair:5)
  3 water moccasin zombies
  20 yak zombies
  2 bullfrog zombies
  An ancestor (D:2)
  18 knights
  53 fungi
  139 plants
257 creatures vanquished.

Grand Total: 797 creatures vanquished

Notes
Turn   | Place    | Note
-------+----------+-------------------------------------------
     0 | D:1      | Angani the Draconian Necromancer began the quest for the
                  | Orb.
     0 | D:1      | Reached XP level 1. HP: 14/14 MP: 3/3
    65 | D:1      | Found a faded altar of an unknown god.
    70 | D:1      | Got Plato's Precepts of Hoarfrost
    71 | D:1      | Prayed at the altar of an unknown god.
    71 | D:1      | Became a worshipper of Hepliaklqana the Forgotten
    71 | D:1      | Reached * piety under Hepliaklqana
   788 | D:1      | Reached skill level 1 in Fighting
   830 | D:1      | Reached XP level 2. HP: 20/20 MP: 1/5
  1255 | D:1      | Learned a level 1 spell: Freeze
  1584 | D:2      | Reached ** piety under Hepliaklqana
  1585 | D:2      | Remembered your ancestor Syrinius as a knight
  1649 | D:2      | Noticed Terence
  1656 | D:2      | Killed Terence
  1657 | D:2      | Reached XP level 3. HP: 26/26 MP: 7/7
  1733 | D:2      | Noticed Robin
  1763 | D:2      | Killed Robin
  1764 | D:2      | Reached XP level 4. HP: 33/33 MP: 1/8
  2403 | D:3      | Found an ornate altar of the Wu Jian Council.
  2531 | D:3      | Noticed an ice beast
  2540 | D:3      | Killed an ice beast
  2541 | D:3      | Reached XP level 5. HP: 41/41 MP: 9/11
  2546 | D:3      | Learned a level 4 spell: Animate Dead
  2551 | D:3      | Learned a level 4 spell: Dispel Undead
  2731 | D:4      | Found a staircase to the Ecumenical Temple.
  3166 | D:5      | Entered Level 5 of the Dungeon
  3185 | D:5      | Reached XP level 6. HP: 47/47 MP: 12/12
  3191 | D:5      | Found a sand-covered staircase.
  3210 | D:5      | Reached skill level 5 in Fighting
  3211 | Ossuary  | Entered an ossuary
  3230 | Ossuary  | Reached skill level 5 in Spellcasting
  3249 | Ossuary  | Reached skill level 1 in Polearms
  3254 | Ossuary  | Your scales start taking on a glossy black colour.
  3254 | Ossuary  | Reached XP level 7. HP: 54/54 MP: 14/14
  3254 | Ossuary  | Gained mutation: You are resistant to electric shocks.
                  | (rElec) [Black Draconian growth]
  3382 | Ossuary  | Reached skill level 5 in Necromancy
  3704 | D:5      | Reached *** piety under Hepliaklqana
  3799 | D:5      | Reached XP level 8. HP: 61/61 MP: 15/15
  4166 | D:5      | Reached skill level 5 in Polearms
  4219 | D:6      | Found Cixuler's Assorted Antiques.
  4803 | D:6      | Reached XP level 9. HP: 56/66 MP: 16/16
  4999 | D:6      | Found a runed translucent door.
  5000 | D:6      | Noticed Crazy Yiuf
  5008 | D:6      | Killed Crazy Yiuf
  5013 | D:6      | Identified the +7 hammer of Terror {antimagic, rN++ Int+3
                  | Dex-5}
  5530 | D:7      | Found a broken altar of Ashenzari.
  5782 | D:8      | Reached XP level 10. HP: 72/72 MP: 20/20
  5897 | D:8      | Found a hazy altar of Hepliaklqana.
  5949 | D:8      | Found a glowing golden altar of the Shining One.
  5951 | D:8      | Found a shimmering blue altar of Sif Muna.
  5951 | D:8      | Found an ancient bone altar of Kikubaaqudgha.
  6131 | D:8      | Reached **** piety under Hepliaklqana
  6175 | D:8      | Found a viscous altar of Jiyva.
  6250 | D:8      | Noticed a two-headed ogre
  6263 | D:8      | Killed a two-headed ogre
  6294 | D:8      | Reached skill level 5 in Stealth
  6580 | D:9      | Reached skill level 5 in Dodging
  6793 | D:9      | Reached skill level 1 in Invocations
  6804 | D:9      | Reached skill level 1 in Evocations
  6806 | D:9      | Found a staircase to the Orcish Mines.
  7101 | D:9      | Found a burning altar of Makhleb.
  7180 | D:9      | Learned a level 3 spell: Vampiric Draining
  7653 | D:10     | Entered Level 10 of the Dungeon
  7803 | D:10     | Found a radiant altar of Vehumet.
  7918 | D:10     | Noticed an ogre mage
  7921 | D:10     | Paralysed by a floating eye for 3 turns
  7925 | D:10     | Reached XP level 11. HP: 73/80 MP: 20/23
  7928 | D:10     | Paralysed by something for 3 turns
  7936 | D:10     | Killed an ogre mage
  8404 | D:11     | Noticed a two-headed ogre
  8406 | D:11     | Killed a two-headed ogre
  8434 | D:11     | Reached ***** piety under Hepliaklqana
  8453 | D:11     | Learned a level 4 spell: Airstrike
  8458 | D:11     | Learned a level 4 spell: Summon Lightning Spire
  8595 | D:11     | Identified the +9 great sword of Unreason {flame, *Corrode
                  | rElec Int+3}
  8805 | D:11     | Reached skill level 5 in Invocations
  9036 | D:11     | Reached skill level 5 in Evocations
  9045 | D:11     | Reached skill level 1 in Summonings
  9045 | D:11     | Reached skill level 1 in Air Magic
  9239 | D:11     | Found a staircase to the Lair.
  9597 | D:12     | Found Yrishrui's Changing Room.
  9610 | D:12     | Bought a potion of mutation for 136 gold pieces
  9610 | D:12     | Bought a potion of lignification for 51 gold pieces
  9956 | D:12     | Noticed a two-headed ogre
  9966 | D:12     | Killed a two-headed ogre
  9967 | D:12     | Reached skill level 5 in Air Magic
 10202 | D:13     | Noticed a centaur warrior
 10208 | D:13     | Reached XP level 12. HP: 82/90 MP: 24/24
 10216 | D:13     | Killed a centaur warrior
 10220 | D:13     | Reached skill level 5 in Summonings
 10246 | D:13     | Found a gate leading to a gauntlet.
 10252 | Gauntlet | Entered a Gauntlet
 10252 | Gauntlet | Found a transporter.
 10252 | Gauntlet | Found a transporter.
 10268 | Gauntlet | Found a transporter.
 10272 | Gauntlet | Found a transporter.
 10286 | Gauntlet | Found a transporter.
 10286 | Gauntlet | Found a transporter.
 10295 | Gauntlet | Noticed a death yak
 10295 | Gauntlet | Noticed a death yak
 10297 | Gauntlet | Noticed a death yak
 10297 | Gauntlet | Noticed a death yak
 10298 | Gauntlet | Found a transporter.
 10324 | Gauntlet | Found a transporter.
 10341 | Gauntlet | Found a transporter.
 10341 | Gauntlet | Found a transporter.
 10341 | Gauntlet | Found a transporter.
 10399 | Gauntlet | Found a transporter.
 10554 | Gauntlet | Identified the +0 helmet "Giwoeplo" {Rampage rC- rN+ Dex+3}
 10798 | Gauntlet | Identified the +4 halberd of Micil {antimagic, rF+ Int+3
                  | Stlth+}
 10798 | Gauntlet | Noticed a minotaur
 10802 | Gauntlet | Killed a minotaur
 11239 | D:13     | Found a gate to the Vaults.
 11433 | D:13     | Reached ****** piety under Hepliaklqana
 11599 | D:13     | Noticed an ice dragon
 11631 | D:13     | Killed an ice dragon
 11638 | D:13     | Reached skill level 10 in Air Magic
 11638 | D:13     | Found the +4 skin of Zhor {*Englaciate rC+++ SInv}
 11980 | D:13     | Reached XP level 13. HP: 73/94 MP: 5/25
 12239 | Lair:1   | Entered Level 1 of the Lair of Beasts
 12253 | Lair:1   | Found a burning altar of Makhleb.
 12340 | Lair:1   | Noticed Pag Assur's ghost (journeyman VSBr)
 12341 | Lair:1   | Found a bloodstained altar of Trog.
 12358 | Lair:1   | Found a transporter.
 12388 | Lair:1   | Found a transporter.
 13117 | Lair:2   | Learned a level 5 spell: Borgnjor's Vile Clutch
 13148 | Lair:2   | Reached skill level 10 in Summonings
 13276 | Lair:2   | Reached skill level 2 in Unarmed Combat
 13297 | Lair:2   | Reached skill level 3 in Unarmed Combat
 13298 | Lair:2   | Reached skill level 4 in Unarmed Combat
 13313 | Lair:2   | Reached skill level 5 in Unarmed Combat
 13495 | Lair:2   | Reached skill level 6 in Unarmed Combat
 14044 | Lair:3   | Reached skill level 7 in Unarmed Combat
 14071 | Lair:3   | Reached skill level 8 in Unarmed Combat
 14224 | Lair:3   | Found a staircase to the Snake Pit.
 14239 | Lair:3   | Reached skill level 9 in Unarmed Combat
 14445 | Lair:3   | Reached skill level 10 in Unarmed Combat
 14590 | Lair:3   | Found a staircase to the Swamp.
 14707 | Lair:3   | Reached skill level 11 in Unarmed Combat
 15124 | Lair:4   | Reached skill level 12 in Unarmed Combat
 15124 | Lair:4   | Gained mutation: Your large and strong wings let you fly.
                  | [Black Draconian growth]
 15124 | Lair:4   | Reached XP level 14. HP: 54/101 MP: 26/26
 15136 | Lair:4   | Reached skill level 13 in Unarmed Combat
 15315 | Lair:4   | Found a staircase to the Slime Pits.
 15360 | Lair:4   | Found a viscous altar of Jiyva.
 15633 | Lair:4   | Reached skill level 14 in Unarmed Combat
 15899 | Lair:5   | Entered Level 5 of the Lair of Beasts
 15899 | Lair:5   | Noticed Nessos
 15912 | Lair:4   | Killed Nessos
 16354 | Lair:5   | Reached skill level 15 in Unarmed Combat
 16544 | Lair:5   | Reached skill level 16 in Unarmed Combat
 17315 | Lair:1   | HP: 7/151 [poisoned by Pag Assur's ghost]
 17316 | Lair:1   | Mangled by a spriggan

Illustrated notes

Levels and vault maps discovered:
D:1:      shiori_arrival_elements, layout_loops_corners,
          shapermc_ecumenical_altar_rom_forum
D:2:      layout_loops_corners, uniq_terence, uniq_robin
D:3:      layout_rooms, nicolae_wu_jian_immortal_techniques
D:4:      layout_rooms, minmay_temple_entry_large_hall, minivault_26,
          minmay_misc_feat_diagonals
D:5:      layout_cave_pools, enter_ossuary_3, grunt_tough_drop
D:6:      layout_basic, serial_shops, nicolae_stop_n_shop_2, minivault_27,
          uniq_crazy_yiuf_cottage
D:7:      layout_rooms, evilmike_ruin_ashenzari
D:8:      layout_loops_cross, grunt_temple_overflow_open, jiyva_altar_1,
          uniq_erica
D:9:      layout_loops_corners, lightli_temple_of_fire, erik_orc_3
D:10:     hellmonk_paralyzer, layout_basic, mainiacjoe_overflow_chevrons
D:11:     layout_irregular_city, grunt_lair_entry_orc_guard_hut,
          grunt_decor_arrowhead, minivault_10
D:12:     layout_roguey, nicolae_transmutations_shop
D:13:     layout_loops_ring, david_vaults_2, gauntlet_entry_generic,
          chequers_serial_rivers_large_a, hellmonk_guarded_unrand_zhor
Lair:1:   layout_regular_city, gammafunk_ghost_wrathful_warriors, basic_altar
Lair:2:   layout_loops_ring, eino_small_chamber_without_monster,
          serial_bayou_shore_b, infiniplex_staircase_pool_2
Lair:3:   layout_regular_city, minmay_swamp_entry_worms,
          guppyfry_snake_entry_garden
Lair:4:   layout_misc_corridors, slime_entry_1, serial_bayou_pond_e,
          nicolae_quartered_pool_impasse, lemuel_fruit_fields
Lair:5:   minmay_lair_end_frog_pond, layout_big_grid, minmay_lair_drake_nest,
          uniq_nessos

Skill      XL: |  1  2  3  4  5  6  7  8  9 10 11 12 13 14 |
---------------+-------------------------------------------+-----
Fighting       | 1 2 3 4 5 6 7 |  7.0
Spellcasting   | 3 4 5 6 8 |  8.0
Polearms       | 1 4 6 8 |  8.0
Necromancy     | 5 7 8 |  8.0
Stealth        | 3 5 |  5.0
Dodging        | 3 5 7 |  7.0
Invocations    | 3 5 |  5.0
Evocations     | 2 5 |  5.0
Summonings     | 4 8 10 | 10.0
Air Magic      | 5 10 12 | 12.0
Unarmed Combat | 12 16 | 16.6

Action                     |  1- 3 |  4- 6 |  7- 9 | 10-12 | 13-15 || total
---------------------------+-------+-------+-------+-------+-------++-------
  Melee: Unarmed           |     1 |       |       |       |   199 ||   200
         Trident           |    27 |   100 |   264 |   443 |   483 ||  1317
         Tailslap          |     3 |     4 |    22 |    59 |   123 ||   211
         Punch             |       |       |     1 |     6 |    44 ||    51
   Cast: Necrotise         |    32 |     2 |       |    11 |       ||    45
         Dispel Undead     |       |       |       |    26 |       ||    26
         Vampiric Draining |       |       |       |    19 |    11 ||    30
         Animate Dead      |       |       |       |     3 |    10 ||    13
         Airstrike         |       |       |       |    20 |    15 ||    35
         Summon Lightning  |       |       |       |    10 |     2 ||    12
 Invoke: Ancestor Identity |     1 |       |       |       |       ||     1
         Ancestor Life: Kn |     1 |       |       |       |       ||     1
         Recall Ancestor   |       |       |     3 |     1 |     1 ||     5
         Idealise          |       |       |       |     1 |       ||     1
Ability: Breathe Lightning |       |       |     4 |    14 |    15 ||    33
  Evoke: Wand              |       |       |       |     6 |     5 ||    11
         Lightning rod     |       |       |       |     6 |     6 ||    12
         Phial of floods   |       |       |       |     1 |     1 ||     2
    Use: Scroll            |     1 |     1 |     6 |    11 |    15 ||    34
         Potion            |       |       |     1 |       |       ||     1
   Stab: Sleeping          |     2 |     4 |     2 |     5 |     4 ||    17
         Distracted        |       |     1 |       |     5 |    16 ||    22
 Armour: Skin              |    13 |    10 |    74 |    92 |   135 ||   324
  Dodge: Dodged            |    27 |    48 |   132 |   348 |   720 ||  1275

Table legend: (Time is in decaauts)
 A = Elapsed time spent in this place.
 B = Non-inter-level travel time spent in this place.
 C = Inter-level travel time spent in this place.
 D = Time resting spent in this place.
 E = Time spent auto-exploring this place.
 F = Levels seen in this place.
 G = Mean time per level.
                   A        B        C        D        E       F      G
               +--------+--------+--------+--------+--------+-----+--------+
         Total |  17234 |  16531 |    703 |   1703 |  10970 |  20 |  861.7 |
       Dungeon |  11145 |  10714 |    431 |   1026 |   7565 |  13 |  857.3 |
          Lair |   4977 |   4706 |    271 |    457 |   2988 |   5 |  995.4 |
       Ossuary |    450 |    450 |      0 |      0 |    274 |   1 |  450.0 |
      Gauntlet |    661 |    661 |      0 |    220 |    143 |   1 |  661.0 |
               +--------+--------+--------+--------+--------+-----+--------+

Top non-repeatable levels by time:
     D:1: 1285 daAuts
    D:13: 1250 daAuts
  Lair:3: 1180 daAuts
  Lair:5: 1137 daAuts
     D:9: 1111 daAuts
     D:2: 990 daAuts
    D:12: 968 daAuts
    D:11: 947 daAuts
  Lair:2: 937 daAuts
     D:6: 928 daAuts
  Lair:1: 881 daAuts
  Lair:4: 839 daAuts
     D:8: 780 daAuts
    D:10: 746 daAuts
Gauntlet: 661 daAuts
